 Dungeon Sprint DCSS version 0.30-a0-852-g08b95dd62f (webtiles) character file.

Game seed: 14397647585528999639

1353 dialectric the Martial Artist (level 8, -8/90 HPs)
             Began as an Octopode Transmuter on Mar 5, 2023.
             Mangled by a flying skull (10 damage)
             ... in the Dungeon (Sprint II: "The Violet Keep of Menkaure").
             The game lasted 00:00:37 (106 turns).

dialectric the Martial Artist (Octopode Transmuter)  Turns: 106, Time: 00:00:38

Health: -8/90      AC:  1    Str: 12    XL:     8   Next: 63%
Magic:  12/15      EV: 15    Int: 15    God:
Gold:   243        SH:  0    Dex: 12    Spells: 16/17 levels left

rFire   . . .      SeeInvis .      - Unarmed
rCold   . . .      Faith    .    (no shield)
rNeg    . . .      Spirit   .    (helmet restricted)
rPois   .          Reflect  .    (no amulet)
rElec   .          Rampage  .    (no ring)
rCorr   .          NoTele   +    (no ring)
Will    .....                    (no ring) Stlth
                                 (no ring)
HPRegen 0.35/turn                (no ring)
MPRegen 0.14/turn                (no ring)
                                 (no ring)
                                 (no ring)

@: berserking (expiring), very quick
A: almost no armour, amphibious, 8 rings, camouflage 1, gelatinous body 1,
(nimble swimmer 1), tentacles
a: no special abilities


You were in the Dungeon.
You visited 1 branch You collected 243 gold pieces.

Inventory:

Scrolls
 g - a scroll of blinking
Potions
 b - a potion of curing
 c - a potion of heal wounds
 d - a potion of haste
 e - 2 potions of magic


   Skills:
 * Level 7.0 Fighting
 + Level 6.2 Dodging
 + Level 4.1 Stealth
 + Level 14.0 Unarmed Combat
 - Level 5.0 Spellcasting
 + Level 6.5 Transmutations


You had 16 spell levels left.
You knew the following spells:

 Your Spells              Type           Power      Damage    Failure   Level
a - Beastly Appendage     Tmut           46%        N/A       1%          1

Your spell library contained the following spells:

 Spells                   Type           Power      Damage    Failure   Level
 Wereblood                Tmut           23%        N/A       1%          2
 Spider Form              Tmut/Pois      13%        N/A       13%         3
 Ice Form                 Ice/Tmut       13%        N/A       38%         4


Dungeon Overview and Level Annotations

Branches:
Dungeon (1/1)

Altars:


Innate Abilities, Weirdness & Mutations

You cannot wear most types of armour.
You are amphibious.
You can wear up to eight rings at the same time.
Your skin changes colour to match your surroundings (Stealth+).
Your rubbery body absorbs attacks. (AC +1, EV +1)
((You are camouflaged when in or above water. (Stealth+)))
You have tentacles for arms and can constrict up to eight enemies at once.


Message History

You tentacle-slap the flying skull, but do no damage.
You constrict the flying skull, but do no damage.
You batter the flying skull!!
You destroy the flying skull!
Your Fighting skill increases to level 6!
You closely miss the flying skull. Your grab misses the flying skull.
Your tentacle spike misses the flying skull.
Your squeeze misses the flying skull. The flying skull hits you.
* * * LOW HITPOINT WARNING * * *
You batter the flying skull!! You grab the flying skull.
You pierce the flying skull.
You destroy the flying skull!
Your tentacle spike disappears.
Your Dodging skill increases to level 6!
You miss the flying skull. You grab the flying skull.
You squeeze the flying skull.
The flying skull is moderately damaged.
You constrict the flying skull, but do no damage.
The flying skull misses you.
You batter the flying skull!!
You destroy the flying skull!
Your Fighting skill increases to level 7!
Your Stealth skill increases to level 4!
Your Unarmed Combat skill increases to level 14!
The flying skull hits you.
* * * LOW HITPOINT WARNING * * *
The flying skull barely misses you.
There is an open door here.
A water moccasin comes into view.
You feel a strong urge to attack something.
The flying skull closely misses you.
You bludgeon the water moccasin! Your grab misses the water moccasin.
Your tentacle-slap misses the water moccasin.
The water moccasin is moderately wounded.
The flying skull misses you. The water moccasin barely misses you.
The flying skull barely misses you.
You tentacle-slap the water moccasin. You grab the water moccasin.
The water moccasin is moderately wounded.
You constrict the water moccasin. The flying skull hits you!
You die...

#### ≈≈§§°°.##
≈.≈○≈°≈##
.≈§§§≈≈≈#
≈○§§.≈# .z°≈≈#
##~~#+++#z○'##
#~~~..S@zz○..#
#~~~~.##z##..#
#~~~~##.#.#
#~~~ #††##†#
#~~####.$###
#~##.###'# #
#...##.##
#.†.<.+
#...##.##


You could see a water moccasin and 5 flying skulls.

Vanquished Creatures
  7 flying skulls (D)
  4 necrophages (D)
  3 worms (D)
14 creatures vanquished.

Notes
Turn   | Place    | Note
-------+----------+-------------------------------------------
     0 | D        | dialectric the Octopode Transmuter began the quest for the
                  | Orb.
     0 | D        | Reached XP level 1. HP: 13/13 MP: 3/3
     1 | D        | Noticed a necrophage
     1 | D        | Noticed a necrophage
     1 | D        | Noticed a necrophage
     1 | D        | Noticed a necrophage
    10 | D        | Killed a necrophage
    11 | D        | Reached skill level 6 in Unarmed Combat
    11 | D        | Reached XP level 2. HP: 16/18 MP: 2/6
    11 | D        | Reached XP level 3. HP: 20/23 MP: 2/8
    11 | D        | Reached XP level 4. HP: 25/28 MP: 2/9
    14 | D        | Killed a necrophage
    15 | D        | Reached skill level 7 in Unarmed Combat
    15 | D        | Reached XP level 5. HP: 28/33 MP: 3/11
    18 | D        | Reached skill level 8 in Unarmed Combat
    23 | D        | Reached skill level 9 in Unarmed Combat
    23 | D        | Reached skill level 5 in Spellcasting
    23 | D        | Reached XP level 6. HP: 29/38 MP: 3/13
    73 | D        | Noticed a flying skull
    73 | D        | Noticed a flying skull
    73 | D        | Noticed a flying skull
    73 | D        | Noticed a flying skull
    73 | D        | Noticed a flying skull
    73 | D        | Noticed a flying skull
    73 | D        | Noticed a flying skull
    74 | D        | Noticed a flying skull
    74 | D        | Noticed a flying skull
    74 | D        | Noticed a flying skull
    75 | D        | Noticed a flying skull
    76 | D        | Noticed a flying skull
    84 | D        | Killed a flying skull
    85 | D        | Reached skill level 11 in Unarmed Combat
    85 | D        | Reached skill level 5 in Transmutations
    88 | D        | Killed a flying skull
    89 | D        | Reached skill level 5 in Dodging
    89 | D        | Reached XP level 7. HP: 22/49 MP: 10/14
    93 | D        | Killed a flying skull
    94 | D        | Reached skill level 5 in Fighting
    94 | D        | Reached skill level 12 in Unarmed Combat
    95 | D        | Killed a flying skull
    96 | D        | Reached skill level 13 in Unarmed Combat
    96 | D        | Reached XP level 8. HP: 6/57 MP: 11/15
    98 | D        | Killed a flying skull
    99 | D        | HP: 2/85 [flying skull (5)]
   100 | D        | Killed a flying skull
   102 | D        | Killed a flying skull
   103 | D        | Reached skill level 14 in Unarmed Combat
   106 | D        | Mangled by a flying skull

Illustrated notes

Levels and vault maps discovered:
D:        the_violet_keep_of_menkaure [sprint2_stairs_cluster_1,
          sprint2_shoproom, sprint2_temple, sprint2_basic_supplies,
          sprint2_obstacle_7, sprint2_obstacle_3, sprint2_obstacle_1,
          sprint2_obstacle_2, sprint2_obstacle_6, sprint2_timed_cluster_1,
          sprint2_smallroom_cluster_1, sprint2_smallroom_final_cluster_1,
          sprint2_transparent_cluster_1, sprint2_second_timed_cluster_1,
          sprint2_sniper_area_1, sprint2_heavy_combat_area_1,
          sprint2_mutation_trap_area_1, sprint2_forest_area_1,
          sprint2_light_combat_area_1, sprint2_behind_water_1,
          sprint2_near_end_vault_1]

Skill      XL: |  1  2  3  4  5  6  7  8 |
---------------+-------------------------+-----
Dodging        | 3 4 5 6 |  6.2
Unarmed Combat | 6 7 9 11 13 14 | 14.0
Spellcasting   | 3 4 5 |  5.0
Transmutations | 3 4 5 6 |  6.5
Fighting       | 4 5 7 |  7.0
Stealth        | 2 3 4 |  4.1

Action                     |  1- 3 |  4- 6 |  7- 9 || total
---------------------------+-------+-------+-------++-------
  Melee: Unarmed           |     7 |    29 |    16 ||    52
         Punch             |       |     2 |     1 ||     3
         Kick              |       |     5 |     6 ||    11
         Constrict         |       |     4 |     5 ||     9
         Tentacles         |       |     3 |     1 ||     4
   Cast: Beastly Appendage |     1 |     1 |       ||     2
    Use: Potion            |     1 |     1 |       ||     2
   Stab: Sleeping          |       |     2 |       ||     2
 Armour: Skin              |     2 |     4 |       ||     6
  Dodge: Dodged            |     1 |    13 |     9 ||    23

Table legend: (Time is in decaauts)
 A = Elapsed time spent in this place.
 B = Non-inter-level travel time spent in this place.
 C = Inter-level travel time spent in this place.
 D = Time resting spent in this place.
 E = Time spent auto-exploring this place.
 F = Levels seen in this place.
 G = Mean time per level.
                   A        B        C        D        E       F      G
               +--------+--------+--------+--------+--------+-----+--------+
         Total |     90 |     90 |      0 |     32 |      0 |   1 |   90.0 |
       Dungeon |     90 |     90 |      0 |     32 |      0 |   1 |   90.0 |
               +--------+--------+--------+--------+--------+-----+--------+

Top non-repeatable levels by time:
       D: 90 daAuts
